AoeStats
← Skibidi Chungus

Arabia

510401972Analyzed
1v1 RM · 2d ago on Sep 30, 2026· 33m 9s· 2 players
Game mode
Random Map
Map size
Tiny (2 player)
Population
200
Speed
Normal
Resources
Standard
Victory
Conquest
Starting age
Dark Age
Ending age
Imperial Age
RankedLock teamsTeams togetherTeam positionsShared explorationLock speedFull tech treeHidden civsTurbo modeCheats
Victory
Defeat
🇺🇸 Franks · United States
506
+15
🇦🇷 Tatars · Argentina
491
-15
TiburonElectronico
3:56 Loom
12:29 Feudal Age
14:17 Double-Bit Axe
14:15 Horse Collar
17:21 Wheelbarrow
24:45 Castle Age
22:46 Gold Mining
23:56 Forging
27:22 Hand Cart
29:15 Iron Casting
30:49 Scale Mail Armor
Skibidi Chungus
7:06 Loom
7:19 Loom
10:24 Feudal Age
18:39 Wheelbarrow
24:26 Castle Age
25:06 Scale Barding Armor
25:13 Forging
26:05 Husbandry
28:02 Chain Barding Armor
28:42 Iron Casting
Connection lost

Rejoining the realm…

Still unreachable

The connection could not be restored.

Session expired

The server has moved on; the page needs a fresh start.